 Dungeon Crawl Stone Soup version 0.20-a0-81-g6e69d53 (webtiles) character file.

18 Krakonus1 the Skirmisher (level 2, 0/14 HPs)
             Began as a Felid Abyssal Knight on Nov 20, 2016.
             Was a Follower of Lugonu.
             Slain by a frilled lizard (2 damage)
             ... on level 1 of the Dungeon.
             The game lasted 00:04:49 (3548 turns).

Krakonus1 the Skirmisher (Felid Abyssal Knight)     Turns: 3548, Time: 00:04:49

Health: 0/14       AC:  1    Str:  8    XL:     2   Next: 48%
Magic:  4/4        EV: 18    Int: 13    God:    Lugonu [*.....]
Gold:   32         SH:  0    Dex: 15    Spells: 0 memorised, 1 level left
                                        Lives:  0   Deaths: 0

rFire  . . .     SeeInvis +       - Unarmed
rCold  . . .     Gourm    .     (armour unavailable)
rNeg   . . .     Faith    .     (shield unavailable)
rPois  .         Spirit   .     (helmet unavailable)
rElec  .         Reflect  .     (cloak unavailable)
rCorr  .         Harm     .     (gloves unavailable)
MR     .....     Clarity  +     (boots unavailable)
Stlth  ++........               (no amulet)
                                (no ring)
                                e - ring of wizardry

@: starving, quick
A: no armour, no weapons or thrown items, stealth, claws 1, fangs 3, see
invisible, carnivore 3, clarity, speed 1, shaggy fur 1, slow metabolism 1, sharp
paws
a: Depart the Abyss, Renounce Religion


You were on level 1 of the Dungeon.
You worshipped Lugonu.
Lugonu was aware of your devotion.
You were starving.

You visited 1 branch of the dungeon, and saw 1 of its levels.
You visited the Abyss 1 time.

You collected 32 gold pieces.

Inventory:

Jewellery
 e - a ring of wizardry (left paw)
Scrolls
 c - a scroll of remove curse
 j - a scroll of enchant armour


   Skills:
 + Level 3.5 Fighting
 + Level 3.4 Dodging
 + Level 0.4 Stealth
 + Level 2.1 Unarmed Combat
 + Level 1.9 Invocations


You had one spell level left.
You didn't know any spells.

Dungeon Overview and Level Annotations

Branches:
Dungeon (1/15)

Altars:


Innate Abilities, Weirdness & Mutations

You cannot wear armour.
You are incapable of wielding weapons or throwing items.
Your paws allow you to move quietly. (Stealth)
You have sharp claws.
You have razor-sharp teeth.
You have supernaturally acute eyesight. (SInv)
You are carnivorous and can eat meat at any time.
You cover ground quickly.
You are covered in fur. (AC +1)
You have a slow metabolism.
Your sharp claws are effective at attacking unaware monsters.
You possess an exceptional clarity of mind.


Message History

The frilled lizard misses you. The frilled lizard bites you.
The frilled lizard bites you. The frilled lizard closely misses you.
The frilled lizard misses you.
The frilled lizard completely misses you.
The frilled lizard barely misses you. The frilled lizard barely misses you.
The frilled lizard barely misses you. The frilled lizard bites you.
The frilled lizard closely misses you. The frilled lizard bites you.
* * * LOW HITPOINT WARNING * * *
The frilled lizard barely misses you. The frilled lizard barely misses you.
The frilled lizard bites you.
* * * LOW HITPOINT WARNING * * *
The frilled lizard closely misses you. The frilled lizard bites you.
You die...

#.# #######.#...###..##.#. #.#
#...........##......##
#######.####.#####.....##......#
.....##......# #..#####......#
.###.######### #..# #......#
.###.#####8<8#####..# #......##
.....##.........##..#####........
.....#8.........8#........##.....
.....#.........l@#...####.##.....
####.#8.........8#......#.###..##
##...##.........##..........#..#
##...##.........##...#....#.##.##
##...######'######.....##.#.##..#
####.#...............†....#......
# #.#.####.#......#.#.##.####...
#.#.##............#..#......#.
#.#.##.#.######.............#.


You could see a frilled lizard.

Vanquished Creatures
  4 bats (D:1)
  6 goblins (D:1)
  A hobgoblin (D:1)
  2 kobolds (D:1)
  3 frilled lizards (D:1)
16 creatures vanquished.

Notes
Turn   | Place    | Note
-------+----------+-------------------------------------------
     0 | Abyss:1  | Krakonus1 the Felid Abyssal Knight began the quest for the Orb.
     0 | Abyss:1  | Reached XP level 1. HP: 10/10 MP: 3/3
   127 | Abyss:1  | Noticed a hungry ghost
   146 | Abyss:1  | Noticed a worldbinder
   150 | Abyss:1  | Noticed a vampire mosquito
   161 | Abyss:1  | Noticed a vampire mosquito
   161 | Abyss:1  | Noticed a swamp drake
   161 | Abyss:1  | Noticed a vampire mosquito
   173 | D:1      | Escaped the Abyss
   433 | D:1      | Reached XP level 2. HP: 7/14 MP: 4/4
   478 | D:1      | Reached * piety under Lugonu
   884 | D:1      | Gained mutation: You possess an exceptional clarity of mind. [potion of beneficial mutation]
  2912 | D:1      | Paralysed by fainting for 5 turns
  3548 | D:1      | Slain by a frilled lizard

Vault maps used:
D:1:      mrwooster_arrival_statue_3, minivault_4

Action                   || total
-------------------------++-------
Melee: Unarmed           ||    71
       Bite              ||     5
Invok: Depart the Abyss  ||     1
  Use: Potion            ||     4
       Scroll            ||     3
 Stab: Sleeping          ||     1
  Eat: Pizza             ||     1
Armor: Skin              ||    26
Dodge: Dodged            ||   165
